 Dungeon Crawl Stone Soup version 0.29-a0-892-g2c4c91d9db (webtiles) character file.

Game seed: 11332957302867232628

357 kae the Insei (level 6, -3/44 HPs)
             Began as a Demonspawn Gladiator on July 22, 2022.
             Slain by a gnoll
             ... wielding a +0 spear
              (5 damage)
             ... on level 3 of the Dungeon.
             The game lasted 00:03:59 (3098 turns).

kae the Insei (Demonspawn Gladiator)                Turns: 3098, Time: 00:04:00

Health: -3/44      AC:  4    Str: 21    XL:     6   Next: 37%
Magic:  6/6        EV: 18    Int:  9    God:
Gold:   195        SH:  0    Dex: 22    Spells: 5/5 levels left

rFire   . . .      SeeInvis .     - Unarmed
rCold   . . .      Faith    .   (no shield)
rNeg    . . .      Spirit   .   a - +0 leather armour
rPois   .          Reflect  .   b - +0 helmet
rElec   .          Harm     .   (no cloak)
rCorr   .          Rampage  .   (no gloves)
Will    .....                   (no boots)
Stlth   ++........              g - amulet of regeneration
HPRegen 0.94/turn               D - +6 ring of dexterity
MPRegen 0.10/turn               S - +6 ring of strength

@: agile, about to teleport
A: powered by pain 2, weakness stinger 1
a: no special abilities


You were on level 3 of the Dungeon.
You visited 1 branch of the dungeon, and saw 3 of its levels.
You also visited: Sewer.

You collected 195 gold pieces.


Innate Abilities, Weirdness & Mutations

You sometimes gain power by taking damage.
You have a small tail.


   Skills:
 - Level 2.0 Fighting
 - Level 1.7 Throwing
 - Level 2.6 Dodging
 + Level 6.6 Unarmed Combat


You had 5 spell levels left.
You didn't know any spells.
Your spell library contained the following spells:

 Spells                   Type           Power      Damage    Failure   Level
 Summon Guardian Golem    Hex/Summ       0%         N/A       80%         3
 Summon Ice Beast         Ice/Summ       0%         N/A       99%         4
 Alistair's Intoxication  Tmut/Pois      0%         N/A       100%        5
 Monstrous Menagerie      Summ           0%         N/A       100%        7

Inventory:

Hand Weapons
 s - the +5 dagger of Righteous Fury {pain, Dex+5}
   (You found it on level 2 of the Dungeon)

   In the hands of one skilled in necromantic magic, it inflicts extra damage on
   living creatures.
   Dex:       It affects your dexterity (+5).
Missiles
 c - 4 throwing nets (quivered) {=f!f}
 d - a javelin
 i - 6 poisoned darts
 k - 23 stones
Armour
 a - a +0 leather armour (worn)
 b - a +0 helmet (worn)
 l - a +0 leather armour
   (You found it in a sewer)
 m - a +0 robe
   (You found it on level 2 of the Dungeon)
 q - a +0 ring mail
   (You found it on level 2 of the Dungeon)
 r - a +0 scale mail
   (You found it on level 3 of the Dungeon)
 t - a +0 chain mail
   (You found it on level 3 of the Dungeon)
 v - a +0 robe
   (You found it on level 2 of the Dungeon)
 w - a +2 helmet
   (You found it on level 2 of the Dungeon)
 y - a +0 ring mail
   (You found it on level 2 of the Dungeon)
 A - a +0 leather armour
   (You took it off an orc on level 3 of the Dungeon)
 C - a +0 robe
   (You found it on level 3 of the Dungeon)
 E - a +0 robe
   (You found it on level 3 of the Dungeon)
Jewellery
 g - an amulet of regeneration (around neck)
   (You found it on level 1 of the Dungeon)
 D - a +6 ring of dexterity (left hand)
   (You found it on level 2 of the Dungeon)
 S - a +6 ring of strength (right hand)
   (You found it on level 2 of the Dungeon)
Scrolls
 f - a scroll of vulnerability {!r!r}
 h - a scroll of fog
 o - a scroll of amnesia {unknown}
 x - a scroll of magic mapping {!r}
Potions
 e - 2 potions of heal wounds {@q2}
 j - 2 potions of degeneration {unknown}
 n - a potion of haste {@q3}
 u - 2 potions of attraction {unknown}
 z - a potion of mutation {unknown}
 B - a potion of magic {unknown}

Dungeon Overview and Level Annotations

Branches:
Dungeon (3/15) Zot: 15447   Sewer (visited)

Altars:

Annotations:
D:3 Sigmund

......##.............#### #.#
......#...........#####.# #.##
.....#.....).#.#.## ##.# #..)
....#..#..#.##.#.#####..# #..#
......###...##...##.....# #..#
##.#.##.##..#)รท...#.....# #..##
##....#.#.....##g.......####..##
...#.##.##.#..##g#......##.....##
..####...####..#@#......#..###..#
.##.........##.#g#......#.#####.#
..####...####..รท.g...............
...#.##โ€
##.#..##.#......#.####...
#.....).#....###.#.##.....###...#
#..#.##)##..........#>.#........#
#..#..###..#..####..รท.........###
.......#..###.####....)#.######
..###....## #.........)..####


You could see 3 gnolls and a hobgoblin.


Message History

Okay, then.
You hit the endoplasm.
The endoplasm completely misses you. ๐Ÿ˜จ HP[+1]
You hit the endoplasm.
You kill the endoplasm!
The gnoll hits you from afar with a +0 spear.
* * * LOW HITPOINT WARNING * * *
๐Ÿ˜จ HP[-5]
You take 5 damage, and now have 12/44 hp. ๐Ÿ˜จ HP[+1] ๐Ÿ˜จ HP[+1] ๐Ÿ˜จ HP[+1] ๐Ÿ˜จ HP[+1] ๐Ÿ˜จ HP[+1] ๐Ÿ˜จ HP[+1] ๐Ÿ˜จ HP[+1] ๐Ÿ˜จ HP[+1] ๐Ÿ˜จ HP[+1]
The gnoll attacks as you move away! The gnoll hits you with a +0 flail.
* * * LOW HITPOINT WARNING * * *
The gnoll attacks as you move away! The gnoll hits you with a +0 flail.
* * * LOW HITPOINT WARNING * * *
๐Ÿ˜จ HP[+1]
The gnoll attacks as you move away!
The gnoll closely misses you. ๐Ÿ˜ฎ HP[+1] ๐Ÿ˜ฎ HP[+1]
You hit the gnoll but do no damage. The gnoll hits you with a +0 flail!
* * * LOW HITPOINT WARNING * * *
The gnoll barely misses you. ๐Ÿ˜จ HP[-7]
You take 7 damage, and now have 17/44 hp.
You hit the gnoll. The gnoll barely misses you.
The gnoll hits you from afar with a +0 spear.
* * * LOW HITPOINT WARNING * * *
๐Ÿ˜จ HP[-4]
You take 4 damage, and now have 13/44 hp.
You closely miss the gnoll. The gnoll hits you with a +0 flail.
* * * LOW HITPOINT WARNING * * *
The gnoll hits you from afar with a +0 spear.
* * * LOW HITPOINT WARNING * * *
๐Ÿ˜ฑ HP[-8]
You take 8 damage, and now have 5/44 hp.
You hit the gnoll but do no damage.
Your tail-slap misses the gnoll.
The gnoll hits you with a +0 flail.
* * * LOW HITPOINT WARNING * * *
The gnoll hits you from afar with a +0 spear.
* * * LOW HITPOINT WARNING * * *
๐Ÿ˜ฑ HP[-4]
You take 4 damage, and now have 1/44 hp.
You feel much better. The gnoll closely misses you.
The gnoll completely misses you. ๐Ÿ˜ฎ HP[+25]
You regained 25 hp, and now have 26/44 hp.
You hit the gnoll. You punch the gnoll, but do no damage.
The gnoll barely misses you.
The gnoll hits you from afar with a +0 spear!
* * * LOW HITPOINT WARNING * * *
You focus on the pain.
You feel agile all of a sudden. ๐Ÿ˜จ HP[-6]
You take 6 damage, and now have 20/44 hp.
You hit the gnoll.
You kill the gnoll! ๐Ÿ˜จ HP[+1]
The gnoll barely misses you. The gnoll closely misses you.
You see here a +0 flail. ๐Ÿ˜จ HP[+1]
You hit the gnoll.
The gnoll hits you from afar with a +0 spear!
* * * LOW HITPOINT WARNING * * *
The gnoll hits you with a +0 spear.
* * * LOW HITPOINT WARNING * * *
๐Ÿ˜จ HP[-9]
You take 9 damage, and now have 13/44 hp.
MASSIVE DAMAGE!! (PAUSE)
You barely miss the gnoll. You tail-slap the gnoll.
The gnoll hits you but does no damage. The gnoll closely misses you.
The hobgoblin barely misses you. ๐Ÿ˜จ HP[+1]
There are monsters nearby!
You hit the gnoll. The gnoll misses you.
The gnoll hits you from afar with a +0 spear.
* * * LOW HITPOINT WARNING * * *
The hobgoblin misses you.
The gnoll barely misses you. ๐Ÿ˜ฑ HP[-3]
You take 3 damage, and now have 11/44 hp.
As you read the scroll of teleportation {@r4}, it crumbles to dust.
You feel strangely unstable. The gnoll closely misses you.
The gnoll hits you from afar with a +0 spear.
* * * LOW HITPOINT WARNING * * *
The hobgoblin hits you.
* * * LOW HITPOINT WARNING * * *
The gnoll hits you with a +0 spear.
* * * LOW HITPOINT WARNING * * *
You barely miss the gnoll.
You tail-slap the gnoll, but do no damage.
The gnoll barely misses you.
The gnoll hits you from afar with a +0 spear.
You die...

Skill      XL: |  1  2  3  4  5 |
---------------+----------------+-----
Unarmed Combat | 3 4 5 6 |  6.6
Fighting       | |  2.0
Throwing       | |  1.7
Dodging        | |  2.6

Action                   |  1- 3 |  4- 6 || total
-------------------------+-------+-------++-------
Melee: Unarmed           |   104 |   162 ||   266
       Punch             |     2 |     3 ||     5
       Tailslap          |     8 |    15 ||    23
  Use: Scroll            |    13 |     2 ||    15
       Potion            |     1 |     2 ||     3
 Stab: Sleeping          |     1 |     2 ||     3
Armor: Leather armour    |    26 |    49 ||    75
       Skin              |       |     6 ||     6
Dodge: Dodged            |    80 |   132 ||   212

Levels and vault maps discovered:
D:1:      dpeg_arrival_leaves_temple_mockup, layout_basic,
          dreamdust_ecumenical_altar_grove
D:2:      layout_loops_cross, roderic_serpentine_path
D:3:      layout_rooms, portal_sewer_entry_c, minmay_fractal_squares_gapless_5,
          uniq_sigmund

Notes
Turn   | Place    | Note
-------+----------+-------------------------------------------
     0 | D:1      | kae the Demonspawn Gladiator began the quest for the Orb.
     0 | D:1      | Reached XP level 1. HP: 16/16 MP: 1/1
     0 | D:1      | magus.rc [v1.11.3]
    53 | D:1      | Reached skill level 3 in Unarmed Combat
   197 | D:1      | Found a faded altar of an unknown god.
   202 | D:1      | Gained mutation: You have a small tail. [demonic ancestry]
   202 | D:1      | Reached XP level 2. HP: 19/22 MP: 2/2
  1414 | D:2      | Reached XP level 3. HP: 27/27 MP: 3/3
  1590 | D:2      | Identified the +5 dagger of Righteous Fury {pain, Dex+5}
  2023 | D:3      | Reached skill level 4 in Unarmed Combat
  2043 | D:3      | Reached XP level 4. HP: 19/33 MP: 4/4
  2051 | D:3      | Found a glowing drain.
  2075 | Sewer    | Entered a sewer
  2125 | Sewer    | Reached skill level 5 in Unarmed Combat
  2181 | Sewer    | HP: 8/33 [frozen (1)]
  2232 | Sewer    | Gained mutation: You sometimes gain a little power by
                  | taking damage. [demonic ancestry]
  2232 | Sewer    | Reached XP level 5. HP: 30/38 MP: 5/5
  2256 | Sewer    | HP: 6/38 [frozen (5)]
  2261 | Sewer    | HP: 5/38 [poisoned by an adder]
  2430 | Sewer    | Reached skill level 6 in Unarmed Combat
  2432 | Sewer    | Gained mutation: You sometimes gain power by taking damage.
                  | [demonic ancestry]
  2432 | Sewer    | Reached XP level 6. HP: 23/44 MP: 6/6
  2485 | Sewer    | You add the spells Summon Guardian Golem, Summon Ice Beast,
                  | Alistair's Intoxication and Monstrous Menagerie to your
                  | library.
  2485 | Sewer    | Got the Vellum of Venin and the Comitatus
  2688 | D:3      | Noticed Sigmund
  3088 | D:3      | HP: 9/44 [gnoll/+0 flail (5)]
  3089 | D:3      | HP: 3/44 [gnoll/+0 flail (3)]
  3089 | D:3      | HP: 1/44 [gnoll/+0 spear (2)]
  3096 | D:3      | HP: 11/44 [gnoll/+0 spear (4)]
  3097 | D:3      | HP: 4/44 [hobgoblin (2)]
  3097 | D:3      | HP: 1/44 [gnoll/+0 spear (3)]
  3098 | D:3      | Slain by a gnoll

Vanquished Creatures
  2 bullfrogs (Sewer)
  7 adders
  5 gnolls (D:3)
  2 river rats (D:3)
  A worm (D:3)
  3 dart slugs
  4 orcs (D:3)
  14 ball pythons
  4 bats
  7 endoplasms
  8 giant cockroaches
  4 goblins
  5 hobgoblins
  4 jackals (D:1)
  3 kobolds (D:1)
  5 quokkas
  10 frilled lizards
  4 rats
92 creatures vanquished.

Vanquished Creatures (others)
  A fungus (D:1)
1 creature vanquished.

Grand Total: 93 creatures vanquished

Table legend:
 A = Non-vault XP
 B = Vault XP
 C = Vault XP percentage of total XP
 D = Non-vault monster count
 E = Vault monster count
 F = Vault count percentage of total count
                 A         B        C        D         E       F
            +---------+---------+-------+---------+---------+-------
      Total |     156 |     355 |  69.5 |      49 |      43 |  46.7
            +---------+---------+-------+---------+---------+-------
        D:1 |      40 |       0 |   0.0 |      24 |       0 |   0.0
        D:2 |       8 |       0 |   0.0 |       4 |       0 |   0.0
        D:3 |     108 |      70 |  39.3 |      21 |      11 |  34.4
      Sewer |       0 |     285 | 100.0 |       0 |      32 | 100.0
            +---------+---------+-------+---------+---------+-------

Illustrated notes

Table legend:
 A = Kills in this place as a percentage of kills in entire the game.
 B = Kills by you in this place as a percentage of kills by you in the entire game.
 C = Kills by friends in this place as a percentage of kills by friends in the entire game.
 D = Other kills in this place as a percentage of other kills in the entire game.
 E = Experience gained in this place as a percentage of experience gained in the entire game.
 F = Experience gained in this place divided by the number of levels of this place that you have seen.
                   A       B       C       D       E      F
               +-------+-------+-------+-------+-------+----------------------
         Total | 100.0 | 100.0 |   N/A |   N/A | 100.0 | 127.8
       Dungeon |  65.2 |  65.2 |   N/A |   N/A |  44.2 |  75.3
         Sewer |  34.8 |  34.8 |   N/A |   N/A |  55.8 | 285.0
               +-------+-------+-------+-------+-------+----------------------

Table legend: (Time is in decaauts)
 A = Elapsed time spent in this place.
 B = Non-inter-level travel time spent in this place.
 C = Inter-level travel time spent in this place.
 D = Time resting spent in this place.
 E = Time spent auto-exploring this place.
 F = Levels seen in this place.
 G = Mean time per level.
                   A        B        C        D        E       F      G
               +--------+--------+--------+--------+--------+-----+--------+
         Total |   3143 |   3118 |     25 |    260 |   2264 |   4 |  785.8 |
       Dungeon |   2552 |   2527 |     25 |    124 |   2022 |   3 |  850.7 |
         Sewer |    591 |    591 |      0 |    136 |    242 |   1 |  591.0 |
               +--------+--------+--------+--------+--------+-----+--------+

Top non-repeatable levels by time:
     D:1: 1387 daAuts
     D:2: 606 daAuts
   Sewer: 591 daAuts
     D:3: 558 daAuts
